 Dungeon Crawl Stone Soup version 0.27.0-1-g7a08968 (webtiles) character file.

Game seed: 6953919609948473001

22 Zighole the Ducker (level 3, -1/27 HPs)
             Began as a Djinni Fire Elementalist on Aug 6, 2021.
             Slain by a hobgoblin (3 damage)
             ... on level 1 of the Dungeon.
             The game lasted 00:01:03 (1012 turns).

Zighole the Ducker (Djinni Fire Elementalist)       Turns: 1012, Time: 00:01:03

Health: -1/27      AC:  2    Str:  7    XL:     3   Next: 7%
Gold:   28         EV: 12    Int: 17    God:
                   SH:  0    Dex: 13

rFire    + + .     SeeInvis .   e - +0 whip (venom)
rCold    x . .     Faith    .   (no shield)
rNeg     . . .     Spirit   .   a - +0 robe
rPois    ∞         Reflect  .   (no helmet)
rElec    .         Harm     .   (no cloak)
rCorr    .         Rampage  .   (no gloves)
Will     .....                  (boots unavailable)
Stlth    ++........             (no amulet)
HPRegen  0.09/turn              (no ring)
MPRegen  0.00/turn              (no ring)

@: flying
A: sickness immunity, fire resistance 2, cold vulnerability 1, float, innate
caster, hp casting, extra vitality 1
a: no special abilities


You were on level 1 of the Dungeon.
You visited 1 branch of the dungeon, and saw 1 of its levels.

You collected 28 gold pieces.

Inventory:

Hand Weapons
 b - a +0 rapier
   (You found it on level 1 of the Dungeon)
 e - a +0 whip of venom (weapon)
   (You took it off a kobold on level 1 of the Dungeon)
Armour
 a - a +0 robe (worn)
Scrolls
 f - a scroll of identify {unknown}
 g - a scroll of magic mapping {unknown}
Potions
 c - a potion of curing {unknown}
 d - a potion of heal wounds {unknown}


   Skills:
 + Level 1.2 Fighting
 + Level 2.7 Dodging
 - Level 1.5 Stealth
 + Level 2.7 Spellcasting


You couldn't memorise any spells.
You knew the following spells:

 Your Spells              Type           Power      Damage    Failure   Level
a - Foxfire               Conj/Fire      44%        2x1d6     6%          1
b - Inner Flame           Hex/Fire       11%        N/A       19%         3
c - Magic Dart            Conj           44%        1d5       6%          1
d - Conjure Flame         Conj/Fire      11%        6-21      19%         3
q - Sticky Flame          Conj/Fire      11%        2d3       52%         4
x - Fireball              Conj/Fire      5%         3d5       86%         5
Your spell library was empty.

Dungeon Overview and Level Annotations

Branches:
Dungeon (1/15)

Altars:


Innate Abilities, Weirdness & Mutations

You are immune to sickness and miasma.
You are immune to poison.
Your flesh is very heat resistant. (rF++)
You are vulnerable to cold. (rC-)
You float through the air rather than walking.
You learn spells naturally, not from books.
Your magical power is your life essence.
You have superior vitality. (+4 HP)


Message History

* * * LOW HITPOINT WARNING * * *
The jackal misses you.
The jackal bites you but does no damage.
The jackal misses you. The jackal barely misses you.
You conjure some foxfire!
* * * LOW HITPOINT WARNING * * *
The jackal closely misses you. The jackal bites you.
* * * LOW HITPOINT WARNING * * *
The jackal barely misses you.
The foxfire hits the jackal. x2
You kill the jackal!
The jackal barely misses you. The jackal misses you.
You conjure some foxfire!
* * * LOW HITPOINT WARNING * * *
The jackal misses you. x2; The jackal closely misses you.
The jackal misses you.
The foxfire hits the jackal.
You kill the jackal!
You have reached level 3!
Your experience leads to an increase in your attributes!
Increase (S)trength, (I)ntelligence, or (D)exterity?
You feel clever.
The power to cast Magic Dart wells up from within.
Spell assigned to 'c'.
The jackal closely misses you.
You barely miss the jackal. The jackal bites you.
* * * LOW HITPOINT WARNING * * *
The jackal barely misses you. The jackal barely misses you.
You conjure some foxfire!
* * * LOW HITPOINT WARNING * * *
The jackal bites you.
* * * LOW HITPOINT WARNING * * *
The foxfire hits the jackal but does no damage. x2
The jackal misses you.
You conjure some foxfire!
* * * LOW HITPOINT WARNING * * *
The jackal misses you.
The kobold hits you with a +0 short sword.
* * * LOW HITPOINT WARNING * * *
The jackal closely misses you.
The foxfire hits the jackal. x2
You kill the jackal!
You barely miss the kobold. The kobold hits you but does no damage.
The hobgoblin closely misses you.
You hit the kobold.
You kill the kobold!
The hobgoblin hits you.
You die...

##.........####...######........
#............†....# #........
#...............#.# #..######
#.###....#.####.#.# #..# ♣♣♣♣
#.##...#.#.####.#.## #..######
#........#.........# #..'.#...
.........#.........########...##
####...#.#....g....'......######
#........†.)@...######.##....
#...##########.## #.##....
#...##########.#### #.##....
#...##............## #.......
#...##.............# #.......
#...##.............###.......
####....................##.##
#....###........###.......
#....# #......†........###


You could see a hobgoblin.

Vanquished Creatures
  2 bats (D:1)
  2 endoplasms (D:1)
  2 goblins (D:1)
  3 hobgoblins (D:1)
  4 jackals (D:1)
  2 kobolds (D:1)
  A ball python (D:1)
  2 frilled lizards (D:1)
  A rat (D:1)
19 creatures vanquished.

Vanquished Creatures (others)
  20 foxfires (D:1)
20 creatures vanquished.

Grand Total: 39 creatures vanquished

Notes
Turn   | Place    | Note
-------+----------+-------------------------------------------
     0 | D:1      | Zighole the Djinni Fire Elementalist began the quest for
                  | the Orb.
     0 | D:1      | Reached XP level 1. HP: 15/15 MP: 0/0
   405 | D:1      | Reached XP level 2. HP: 19/22 MP: 0/0
   818 | D:1      | Reached skill level 1 in Fighting
   998 | D:1      | Reached XP level 3. HP: 7/27 MP: 0/0
   998 | D:1      | Learned a level 1 spell: Magic Dart
  1012 | D:1      | Slain by a hobgoblin

Illustrated notes

Levels and vault maps discovered:
D:1:      beargit_arrival_diablo_church, layout_basic

Skill      XL: |  1  2 |
---------------+-------+-----
Fighting       | 1 |  1.2
Dodging        | |  2.7
Stealth        | |  1.5
Spellcasting   | |  2.7

Action                   || total
-------------------------++-------
Melee: Whip              ||    38
 Cast: Foxfire           ||    14
 Stab: Sleeping          ||     1
Armor: Robe              ||    16
Dodge: Dodged            ||    44
